 Dungeon Crawl Stone Soup version 0.29.1-15-g9cfb28693d (webtiles) character file.

Game seed: 16884112988663754691

8 6666870 the Magician (level 2, -1/24 HPs)
             Began as a Troll Hedge Wizard on Nov 17, 2023.
             Slain by a phantom (4 damage)
             ... on level 2 of the Dungeon.
             The game lasted 00:04:46 (274 turns).

6666870 the Magician (Troll Hedge Wizard)            Turns: 274, Time: 00:04:46

Health: -1/24      AC:  4    Str: 17    XL:     2   Next: 0%
Magic:  4/4        EV:  9    Int: 10    God:
Gold:   3          SH:  0    Dex:  9    Spells: 4/5 levels left

rFire   . . .      SeeInvis .   e - +0 mace (vorpal)
rCold   . . .      Faith    .   (no shield)
rNeg    . . .      Spirit   .   b - +0 robe
rPois   .          Reflect  .   c - +0 hat
rElec   .          Harm     .   (no cloak)
rCorr   .          Rampage  .   (gloves unavailable)
Will    .....                   (boots unavailable)
Stlth   +.........              (no amulet)
HPRegen 0.88/turn               (no ring)
MPRegen 0.09/turn               (no ring)

@: no status effects
A: large, unfitting armour, claws 3, regeneration 1, shaggy fur 1, tough skin 1
a: no special abilities


You were on level 2 of the Dungeon.
You visited 1 branch of the dungeon, and saw 3 of its levels.

You collected 3 gold pieces.

Inventory:

Hand Weapons
 a - a +0 dagger
 e - a +0 vorpal mace (weapon)
Armour
 b - a +0 robe (worn)
 c - a +0 hat (worn)
Scrolls
 f - a scroll of teleportation {unknown}
 h - a scroll of identify {unknown}
Potions
 d - a potion of magic
 g - a potion of lignification {unknown}


   Skills:
 + Level 0.1 Fighting
 + Level 0.1 Maces & Flails
 + Level 1.5 Dodging
 + Level 1.1 Stealth
 + Level 2.2 Spellcasting
 + Level 0.6 Conjurations
 + Level 0.6 Summonings
 + Level 0.6 Translocations


You had 4 spell levels left.
You knew the following spells:

 Your Spells              Type           Power      Damage    Failure   Level
a - Magic Dart            Conj           8%         1d3       24%         1

Your spell library contained the following spells:

 Spells                   Type           Power      Damage    Failure   Level
 Slow                     Hex            4%         N/A       30%         1
 Blink                    Tloc           4%         N/A       36%         2
 Call Imp                 Summ           2%         N/A       36%         2
 Conjure Flame            Conj/Fire      1%         6-21      63%         3
 Mephitic Cloud           Conj/Pois/Air  1%         N/A       63%         3


Dungeon Overview and Level Annotations

Branches:
Dungeon (3/15)

Altars:
Gozag


Innate Abilities, Weirdness & Mutations

You are too large for most types of armour.
You have claws for hands.
Your natural rate of healing is unusually fast.
You are covered in fur. (AC +1)
You have tough skin. (AC +1)


Message History

The phantom hits you but does no damage.
The phantom attacks as you move away! The phantom barely misses you.
The phantom attacks as you move away! The phantom barely misses you.
You miss the phantom. The phantom hits you.
You completely miss the phantom. The phantom hits you.
You miss the phantom.
The phantom hits you but does no damage.
The phantom barely misses you.
You hit the phantom.
The phantom is moderately damaged.
The phantom hits you.
You completely miss the phantom.
The phantom is moderately damaged.
The phantom hits you. The phantom hits you!
You barely miss the phantom. Your claw misses the phantom.
The phantom is moderately damaged.
The phantom hits you.
The phantom blinks!
You blink.
The phantom hits you.
* * * LOW HITPOINT WARNING * * *
The phantom hits you but does no damage.
The phantom attacks as you move away! The phantom barely misses you.
There is a stone staircase leading up here.
The phantom hits you.
You climb upwards.
There is a stone staircase leading down here.
The phantom attacks as you move away! The phantom hits you!
* * * LOW HITPOINT WARNING * * *
You closely miss the phantom.
The phantom is lightly damaged.
The phantom closely misses you.
You closely miss the phantom.
The phantom is lightly damaged.
The phantom completely misses you. The phantom hits you.
* * * LOW HITPOINT WARNING * * *
You closely miss the phantom.
The phantom is lightly damaged.
The phantom hits you.
* * * LOW HITPOINT WARNING * * *
The phantom hits you.
You die...

#.##.####. #.##.####.
.... #.........
...##### #....####
#...... #....# #.....#
#....# #.....#
#....####.# #.....#
#............ #.....#
............. #.@...#
#....####.#..##..W>.#
#....####.#..#......#
..........#....#'####
#................###
#..................#
#.#..##.#.#....###.###
#.#..##.#.............
......................


You could see a phantom.

Vanquished Creatures
  A dart slug (D:3)
  A kobold (D:3)
  A quokka (D:2)
  3 ball pythons
  A bat (D:3)
7 creatures vanquished.

Notes
Turn   | Place    | Note
-------+----------+-------------------------------------------
     0 | D:1      | 6666870 the Troll Hedge Wizard began the quest for the Orb.
     0 | D:1      | Reached XP level 1. HP: 16/16 MP: 2/2
    87 | D:2      | Found an opulent altar of Gozag.
   196 | D:3      | Reached XP level 2. HP: 24/24 MP: 2/4
   201 | D:3      | Noticed a phantom
   274 | D:2      | Slain by a phantom

Illustrated notes

Levels and vault maps discovered:
D:1:      tarquinn_simple_flora_water_d, layout_basic,
          dreamdust_ecumenical_altar_hidden_monk_grotto, minmay_pentomino_o4
D:2:      layout_basic, basic_altar, chequers_serial_rivers_micro_c,
          minmay_fractal_squares_5
D:3:      layout_loops_ring

Action                   || total
-------------------------++-------
Melee: Mace              ||    32
       Punch             ||     1
 Cast: Magic Dart        ||     6
Armor: Robe              ||    18
Dodge: Dodged            ||    22
